 Dungeon Crawl Stone Soup version 0.28-a0-957-g42eb19b844 (webtiles) character file.

Game seed: 16818079752792994679

4 ytrimaz the Shield-Bearer (level 1, -1/18 HPs)
             Began as a Formicid Fighter on Nov 30, 2021.
             Slain by a kobold (5 damage)
             ... on level 1 of the Dungeon.
             The game lasted 00:00:17 (126 turns).

ytrimaz the Shield-Bearer (Formicid Fighter)         Turns: 126, Time: 00:00:18

Health: -1/18      AC:  6    Str: 20    XL:     1   Next: 77%
Magic:  1/1        EV:  9    Int:  7    God:
Gold:   12         SH:  4    Dex: 10    Spells: 0/0 levels left

rFire   . . .      SeeInvis +   a - +0 war axe
rCold   . . .      Faith    .   c - +0 buckler
rNeg    . . .      Spirit   .   b - +0 scale mail
rPois   .          Reflect  .   (helmet unavailable)
rElec   .          Harm     .   (no cloak)
rCorr   .          Rampage  .   (no gloves)
Will    .....                   (no boots)
Stlth   ..........              (no amulet)
HPRegen 0.06/turn               (no ring)
MPRegen 0.07/turn               (no ring)

@: no status effects
A: permanent stasis, dig shafts and tunnels, antennae 3, four strong arms
a: Dig, Shaft Self


You were on level 1 of the Dungeon.
You visited 1 branch of the dungeon, and saw 1 of its levels.

You collected 12 gold pieces.

Inventory:

Hand Weapons
 a - a +0 war axe (weapon)
Armour
 b - a +0 scale mail (worn)
 c - a +0 buckler (worn)
Jewellery
 f - a ring of fire
Potions
 d - a potion of might
 e - a potion of heal wounds {unknown}


   Skills:
 * Level 3.4 Fighting
 + Level 2.0 Axes
 * Level 3.4 Armour
 - Level 3.6 Shields


You couldn't memorise any spells.
You didn't know any spells.
Your spell library was empty.

Dungeon Overview and Level Annotations

Branches:
Dungeon (1/15)

Altars:


Innate Abilities, Weirdness & Mutations

You cannot be hasted, slowed, berserked, paralysed or teleported.
You can dig through walls and to a lower floor.
You have a pair of large antennae on your head. (SInv)
Your four strong arms can wield two-handed weapons with a shield.


Message History

You slash the goblin!
You kill the goblin!
There is an open door here.
You see here a +0 club.
HP restored.
You sense a monster nearby.
You open the door.
Found a stone staircase leading down.
There is an open door here.
You open the door.
A bat comes into view.
The bat moves out of view.
Found a lumpy puce potion.
You block the bat's attack. The bat closely misses you.
There is an open door here.
A bat is nearby!
A bat is nearby!
The bat hits you but does no damage. The bat closely misses you.
You closely miss the bat. The bat completely misses you.
You hit the bat.
You kill the bat!
You see here a bat corpse.
e - a lumpy puce potion
f - a ring of fire You sense a monster nearby.
You sense a monster nearby.
A kobold comes into view.
It is wielding a +2 short sword of electrocution.
The kobold shouts!
A kobold is nearby!
A kobold is nearby!
You closely miss the kobold. The kobold misses you.
The kobold hits you with a +2 short sword of electrocution.
You are electrocuted!
Ouch! That really hurt!
* * * LOW HITPOINT WARNING * * *
You hit the kobold but do no damage. The kobold hits you but does no damage.
You barely miss the kobold.
The kobold hits you with a +2 short sword of electrocution.
You die...

.ยง............#
#.#....
##########....#
#.#..P. #.#...P
#.##...
############.###..
{
{#..........#.###.#
#.########.#.....#
#.#....#.#.###.###
#@K......#.# #.#
###......#.###.#
.######.....# #
#######


You could see a kobold.

Vanquished Creatures
  A dart slug (D:1)
  A goblin (D:1)
  A bat (D:1)
3 creatures vanquished.

Notes
Turn   | Place    | Note
-------+----------+-------------------------------------------
     0 | D:1      | ytrimaz the Formicid Fighter began the quest for the Orb.
     0 | D:1      | Reached XP level 1. HP: 18/18 MP: 1/1
   126 | D:1      | Slain by a kobold

Illustrated notes

Levels and vault maps discovered:
D:1:      lemuel_arrival_lava_pool, layout_basic, serial_park_tiny_2,
          chequers_serial_rivers_micro_e, hangedman_decor_diamond_cutter,
          nicolae_concentric_dashed_squares_mild, minmay_tree_intersection

Action                   || total
-------------------------++-------
Melee: War axe           ||    10
Armor: Scale mail        ||     4
Dodge: Dodged            ||     5
Block: Buckler           ||     1

Table legend: (Time is in decaauts)
 A = Elapsed time spent in this place.
 B = Non-inter-level travel time spent in this place.
 C = Inter-level travel time spent in this place.
 D = Time resting spent in this place.
 E = Time spent auto-exploring this place.
 F = Levels seen in this place.
 G = Mean time per level.
                   A        B        C        D        E       F      G
               +--------+--------+--------+--------+--------+-----+--------+
         Total |    129 |    129 |      0 |      0 |     96 |   1 |  129.0 |
       Dungeon |    129 |    129 |      0 |      0 |     96 |   1 |  129.0 |
               +--------+--------+--------+--------+--------+-----+--------+

Top non-repeatable levels by time:
     D:1: 129 daAuts
